 Dungeon Crawl Stone Soup version 0.23.2-33-g5129a83184 (webtiles) character file.

Game seed: 10215187086219026461

128 Curus the Poker (level 5, -3/45 HPs)
             Began as a Hill Orc Monk on Aug 10, 2019.
             Slain by a gnoll (5 damage)
             ... on level 3 of the Dungeon.
             The game lasted 00:13:57 (2925 turns).

Curus the Poker (Hill Orc Monk)                     Turns: 2925, Time: 00:13:58

Health: -3/45      AC:  7    Str: 12 (14) XL:     5   Next: 12%
Magic:  5/5        EV:  9    Int: 10      God:
Gold:   167        SH:  0    Dex: 14      Spells: 4/4 levels left

rFire    . . .     SeeInvis .   a - +0 spear
rCold    + . .     Gourm    .   (no shield)
rNeg     . . .     Faith    .   n - +0 scale mail
rPois    +         Spirit   .   (no helmet)
rElec    .         Reflect  .   (no cloak)
rCorr    .         Harm     .   (no gloves)
MR       .....                  l - +0 pair of boots
Stlth    ..........             (no amulet)
HPRegen  0.15/turn              d - ring of poison resistance
MPRegen  0.09/turn              e - ring of protection from cold

@: no status effects
A: no striking features
a: no special abilities


You were on level 3 of the Dungeon.
You were hungry.

You visited 1 branch of the dungeon, and saw 4 of its levels.

You collected 167 gold pieces.

Inventory:

Hand Weapons
 a - a +0 spear (weapon)
Armour
 b - a +0 robe
 g - a +0 leather armour
 l - a +0 pair of boots (worn)
 n - a +0 scale mail (worn)
Jewellery
 d - a ring of poison resistance (left hand)
 e - a ring of protection from cold (right hand)
Wands
 i - a wand of paralysis (10)
 k - a wand of digging (6)
Scrolls
 h - 3 scrolls of identify
 o - a scroll of remove curse
Potions
 f - a potion of cancellation
 j - a potion of haste
 m - a potion of magic
Comestibles
 c - 5 rations


   Skills:
 - Level 3.6 Fighting
 + Level 6.2 Polearms
 - Level 2.4 Dodging
 - Level 1.5 Stealth


You had 4 spell levels left.
You didn't know any spells.
Your spell library was empty.

Dungeon Overview and Level Annotations

Branches:
Dungeon (4/15)
 Temple: D:4-7

Altars:
Cheibriados
Hepliaklqana
Makhleb
Okawaru
Vehumet


Message History

The gnoll is heavily wounded.
The gnoll hits you with a +0 flail.
The gnoll hits you from afar with a +0 spear.
* * * LOW HITPOINT WARNING * * *
The gnoll closely misses you.
The gnoll hits you from afar with a +0 spear.
* * * LOW HITPOINT WARNING * * *
The gnoll hits you but does no damage. The gnoll hits you with a +0 flail.
* * * LOW HITPOINT WARNING * * *
You climb upwards.
There is a stone staircase leading down here.
You hit the gnoll.
The gnoll is heavily wounded.
The gnoll barely misses you.
You closely miss the gnoll.
The gnoll is heavily wounded.
You barely miss the gnoll.
The gnoll is heavily wounded.
The gnoll hits you.
You die...

#.....# #####
#..#..#
#..#.########
#.....#.....#
###...#.###.#
#.>.....#.#
#g#.#.#.#.#
#g#...#.#.#
#@##....#.#
#.........#
###########


You could see 2 gnolls.

Vanquished Creatures
  7 adders
  A worm (D:3)
  A dart slug (D:1)
  A leopard gecko (D:2)
  An orc (D:3)
  11 bats
  4 giant cockroaches
  6 goblins
  6 hobgoblins
  2 quokkas
  A ball python (D:3)
  3 frilled lizards
  12 kobolds
  6 rats
62 creatures vanquished.

Notes
Turn   | Place    | Note
-------+----------+-------------------------------------------
     0 | D:1      | Curus the Hill Orc Monk began the quest for the Orb.
     0 | D:1      | Reached XP level 1. HP: 19/19 MP: 1/1
   537 | D:1      | Reached XP level 2. HP: 26/26 MP: 2/2
   597 | D:1      | Reached skill level 4 in Polearms
   942 | D:2      | Reached XP level 3. HP: 27/31 MP: 3/3
  1170 | D:2      | Reached skill level 5 in Polearms
  1261 | D:2      | Found a faded altar of an unknown god.
  1332 | D:2      | Reached XP level 4. HP: 35/39 MP: 4/4
  1816 | D:3      | Found a burning altar of Makhleb.
  1817 | D:3      | Found a hazy altar of Hepliaklqana.
  2147 | D:3      | Found an iron altar of Okawaru.
  2148 | D:3      | Found a snail-covered altar of Cheibriados.
  2467 | D:3      | Found a radiant altar of Vehumet.
  2488 | D:3      | Reached skill level 6 in Polearms
  2488 | D:3      | Reached XP level 5. HP: 29/45 MP: 5/5
  2918 | D:4      | HP: 1/45 [gnoll/+0 flail (4)]
  2925 | D:3      | Slain by a gnoll

Skill      XL: |  1  2  3  4 |
---------------+-------------+-----
Polearms       | 4 5 6 |  6.2
Fighting       | |  3.6
Dodging        | |  2.4
Stealth        | |  1.5

Action                   |  1- 3 |  4- 6 || total
-------------------------+-------+-------++-------
Melee: Spear             |   136 |   186 ||   322
  Use: Potion            |     7 |     2 ||     9
       Scroll            |     5 |     1 ||     6
 Stab: Sleeping          |     5 |     1 ||     6
  Eat: Chunk             |     1 |     5 ||     6
Armor: Robe              |     1 |       ||     1
       Leather armour    |    20 |    14 ||    34
       Scale mail        |       |    58 ||    58
Dodge: Dodged            |    62 |    83 ||   145
